 Dungeon Crawl Stone Soup version 0.30.0-29-ga12c61a403 (webtiles) character file.

Game seed: 14116946454580717889

75 BlackCrag the Digger (level 4, -2/24 HPs)
             Began as a Deep Elf Earth Elementalist on June 19, 2023.
             Constricted to death by Terence (6 damage)
             ... on level 2 of the Dungeon.
             The game lasted 00:07:29 (1613 turns).

BlackCrag the Digger (Deep Elf Earth Elementalist)  Turns: 1613, Time: 00:07:29

Health: -2/24      AC:  4    Str:  5    XL:     4   Next: 11%
Magic:  3/11       EV:  9    Int: 22    God:
Gold:   118        SH:  0    Dex: 15    Spells: 2/10 levels left

rFire   . . .        (no weapon)
rCold   . . .        (no shield)
rNeg    . . .        a - +0 robe
rPois   .            j - +1 helmet {SInv}
rElec   .            (no cloak)
rCorr   .            (no gloves)
SInv    +            (no boots)
Will    .....        (no amulet)
Stlth   ++           (no ring)
HPRegen 0.24/turn    (no ring)
MPRegen 0.12/turn

%: no passive effects
@: lethally poisoned (-2 -> -3), grasped by roots, constricted
A: no striking features
a: no special abilities


You were on level 2 of the Dungeon.
You visited 1 branch of the dungeon, and saw 2 of its levels.

You collected 118 gold pieces.

Inventory:

Armour
 a - a +0 robe (worn)
 j - a +1 helmet of see invisible (worn)
Scrolls
 c - a scroll of acquirement {unknown}
 e - 2 scrolls of identify
 h - 2 scrolls of vulnerability {unknown}
 i - 2 scrolls of magic mapping {unknown}
Potions
 b - 2 potions of magic
 d - a potion of mutation
 f - 2 potions of curing {unknown}
 g - a potion of haste {unknown}
 k - a potion of flight {unknown}


   Skills:
 + Level 2.5 Dodging
 + Level 2.5 Stealth
 + Level 3.9 Spellcasting
 * Level 1.2 Conjurations
 + Level 1.1 Transmutations
 * Level 1.0 Fire Magic
 * Level 4.4 Earth Magic


You had 2 spell levels left.
You knew the following spells:

 Your Spells              Type           Power      Damage    Failure   Level
a - Sandblast             Erth           48%        2d12      1%          1
b - Passwall              Tmut/Erth      13%        N/A       5%          2
c - Stone Arrow           Conj/Erth      32%        3d9       11%         3
d - Scorch                Fire           16%        2d6       11%         2

Your spell library contained the following spells:

 Spells                   Type           Power      Damage    Failure   Level
 Magic Dart               Conj           36%        1d4       7%          1
 Searing Ray              Conj           18%        2d5       11%         2
 Petrify                  Tmut/Erth      16%        N/A       34%         4
 Flame Wave               Conj/Fire      9%         2d6       56%         4
 Fulminant Prism          Conj/Hex       3%         3d5       65%         4
 Summon Cactus Giant      Summ           2%         N/A       100%        6


Dungeon Overview and Level Annotations

Branches:
Dungeon (2/15)

Altars:

Annotations:
D:2 Terence


Message History

The adder bites you.
You are poisoned.
The adder poisons you!
Aiming: Sandblast (safe; 1% risk of failure)
Press: ? - help, Q - select action, (/) - cycle Shift-Dir - straight line, f/p - adder
Aim: an adder (heavily wounded, 72% to hit)
The blast of sand hits the adder.
The adder is almost dead.
You feel very sick. The adder barely misses you. The adder closely misses you.
Aiming: Sandblast (safe; 1% risk of failure)
Press: ? - help, Q - select action, (/) - cycle Shift-Dir - straight line, f/p - adder
Aim: an adder (almost dead, 72% to hit)
The blast of sand hits the adder!
You kill the adder!
You feel sick.
Your Conjurations skill increases to level 1!
You have reached level 4!
You feel clever.
Aiming: Sandblast (safe; 1% risk of failure)
Press: ? - help, Q - select action, (/) - cycle Shift-Dir - straight line, f - Terence
Aim: Terence, wielding a +0 hand axe, wearing a +0 scale mail and carrying a wand of roots (6) (85% to hit)
The blast of sand hits Terence.
Terence is lightly wounded.
You feel sick.
Terence zaps a wand.
The roots erupt in riotous growth!
The grasping roots grab you!
Terence is unaffected.
The grasping roots constrict you. Terence closely misses you.
The grasping roots constrict you.
Casting: Sandblast (safe; 1% risk of failure)
Confirm with . or Enter, or press ? or * to list all spells.
The spell is quite dangerous to miscast (11% risk of failure)!
Continue anyway?
Aiming: Stone Arrow (quite dangerous; 11% risk of failure)
Press: ? - help, Shift-Dir - straight line, f/p - Terence
Aim: Terence, wielding a +0 hand axe, wearing a +0 scale mail and carrying a wand of roots (5) (lightly wounded, 72% to hit)
The stone arrow hits Terence!
Terence is severely wounded.
You feel sick. Terence hits you with a +0 hand axe.
* * * LOW HITPOINT WARNING * * *
The grasping roots constrict you.
You die...

..#.#~≈≈~## ###
..#.#~≈≈~~# .##.#~~≈≈~#
......~≈≈~## .##...~≈≈~~#
.####.~~≈≈~######
.....88~≈≈~~88..##
.#...............########
.#..............@@.......
.##..88~~≈≈~88..##.......
.#######~≈≈~##### .......
.# #~≈≈~~# ....... .#
#~~≈≈~# ....... .#
##~≈≈~# ....... .#
#~≈≈~~# ....... .#
#~~≈≈~# ....... .###
##~≈≈~# ###


You could see Terence.

Vanquished Creatures
  2 adders (D:2)
  2 worms (D:2)
  5 dart slugs
  3 ball pythons (D:1)
  3 endoplasms (D:2)
  A giant cockroach (D:1)
  A goblin (D:1)
  7 hobgoblins (D:1)
  2 jackals (D:2)
  A kobold (D:1)
  3 quokkas (D:1)
  4 bats
  A frilled lizard (D:1)
  3 rats
38 creatures vanquished.

Notes
Turn   | Place    | Note
-------+----------+-------------------------------------------
     0 | D:1      | BlackCrag the Deep Elf Earth Elementalist began the quest
                  | for the Orb.
     0 | D:1      | Reached XP level 1. HP: 10/10 MP: 6/6
   306 | D:1      | Reached XP level 2. HP: 15/15 MP: 6/8
   343 | D:1      | Learned a level 2 spell: Passwall
   499 | D:1      | Reached skill level 4 in Earth Magic
   661 | D:1      | Reached XP level 3. HP: 19/19 MP: 8/10
   665 | D:1      | Learned a level 3 spell: Stone Arrow
   668 | D:1      | Learned a level 2 spell: Scorch
  1353 | D:2      | Reached skill level 1 in Fire Magic
  1522 | D:2      | Found a faded altar of an unknown god.
  1606 | D:2      | Noticed Terence
  1612 | D:2      | Reached skill level 1 in Conjurations
  1612 | D:2      | Reached XP level 4. HP: 19/24 MP: 6/11
  1613 | D:2      | Constricted to death by Terence

Illustrated notes

Levels and vault maps discovered:
D:1:      dpeg_arrival_ternary, layout_loops_ring, columned_hall_lemuel,
          minmay_close_crescents
D:2:      wander_river, layout_basic, ebering_ecumenical_altar_hall,
          mrwooster_statue_mirror, uniq_terence

Skill      XL: |  1  2  3 |
---------------+----------+-----
Earth Magic    | 4 |  4.4
Fire Magic     | 1 |  1.0
Conjurations   | 1 |  1.2
Dodging        | |  2.5
Stealth        | |  2.5
Spellcasting   | |  3.9
Transmutations | |  1.1

Action                     |  1- 3 |  4- 6 || total
---------------------------+-------+-------++-------
   Cast: Sandblast         |    46 |     1 ||    47
         Scorch            |     5 |       ||     5
         Stone Arrow       |     2 |     1 ||     3
         Passwall          |     2 |       ||     2
    Use: Scroll            |     4 |       ||     4
 Armour: Robe              |     5 |       ||     5
  Dodge: Dodged            |    13 |     1 ||    14
